 Dungeon Crawl Stone Soup version 0.22.1-1-ga44c0e5 (webtiles) character file.

457 Stormphoenix the Fighter (level 7, 0/63 HPs)
             Began as a Gnoll Wanderer on Oct 29, 2018.
             Slain by a scorpion (5 damage)
             ... on level 4 of the Dungeon on Oct 30, 2018.
             The game lasted 00:07:34 (3432 turns).

Stormphoenix the Fighter (Gnoll Wanderer)           Turns: 3432, Time: 00:07:35

Health: 0/63       AC:  8    Str: 16    XL:     7   Next: 6%
Magic:  10/10      EV: 10    Int: 16    God:
Gold:   126        SH:  0    Dex: 13    Spells: 10/10 levels left

rFire    . . .     SeeInvis .   c - -3 spear (curse)
rCold    . . .     Gourm    .   (no shield)
rNeg     . . .     Faith    .   g - +1 scale mail
rPois    .         Spirit   .   (no helmet)
rElec    .         Reflect  .   (no cloak)
rCorr    .         Harm     .   (no gloves)
MR       .....                  (no boots)
Stlth    +.........             (no amulet)
HPRegen  0.20/turn              (no ring)
MPRegen  0.12/turn              (no ring)

@: lethally poisoned (0 -> -16)
A: distributed training, fangs 1, strong nose
a: no special abilities


You were on level 4 of the Dungeon.
You were not hungry.

You visited 1 branch of the dungeon, and saw 4 of its levels.

You collected 126 gold pieces.

Inventory:

Hand Weapons
 a - a +2 hand axe
 c - a cursed -3 spear (weapon)
Armour
 g - a +1 scale mail (worn)
Scrolls
 d - a scroll of enchant armour
 i - 3 scrolls of teleportation
 j - a scroll of magic mapping
Potions
 b - a potion of curing
 e - 2 potions of ambrosia
 h - a potion of flight
Comestibles
 f - 3 rations


   Skills:
 + Level 8.8 Fighting
 + Level 2.2 Short Blades
 + Level 2.2 Long Blades
 + Level 3.4 Axes
 + Level 2.2 Maces & Flails
 + Level 2.2 Polearms
 + Level 2.2 Staves
 + Level 2.2 Slings
 + Level 2.2 Bows
 + Level 2.2 Crossbows
 + Level 2.2 Throwing
 + Level 5.1 Armour
 + Level 2.2 Dodging
 + Level 4.7 Stealth
 + Level 3.4 Shields
 + Level 2.2 Unarmed Combat
 + Level 2.2 Spellcasting
 + Level 1.7 Conjurations
 + Level 1.7 Hexes
 + Level 1.7 Charms
 + Level 1.7 Summonings
 + Level 1.7 Necromancy
 + Level 1.7 Translocations
 + Level 1.7 Transmutations
 + Level 1.7 Fire Magic
 + Level 1.7 Ice Magic
 + Level 1.7 Air Magic
 + Level 1.7 Earth Magic
 + Level 1.7 Poison Magic
 + Level 2.4 Invocations
 + Level 2.2 Evocations


You had 10 spell levels left.
You didn't know any spells.
Your spell library contained the following spells:

 Spells                   Type           Power        Failure   Level  Hunger
 Confusing Touch          Hex            #.....       32%         1    #......
 Confuse                  Hex            #.......     69%         3    ###....
 Gell's Gravitas          Tloc           #.........   69%         3    ###....
 Petrify                  Tmut/Erth      #.......     97%         4    #####..
 Metabolic Englaciation   Hex/Ice        #.........   100%        5    ######.
 Yara's Violent Unravell  Hex/Tmut       #.........   100%        5    ######.


Dungeon Overview and Level Annotations

Branches:
Dungeon (4/15)
 Temple: D:4-7

Altars:


Innate Abilities, Weirdness & Mutations

Your experience applies equally to all skills.
You have very sharp teeth.
Your uncanny sense of smell can sniff out nearby items.


Message History

You hit the scorpion but do no damage. You bite the scorpion.
The scorpion is severely wounded.
* * * LOW HITPOINT WARNING * * *
You feel sick. The scorpion misses you.
You barely miss the scorpion.
The scorpion is severely wounded.
* * * LOW HITPOINT WARNING * * *
You feel sick.
The scorpion stings you but does no damage.
You hit the scorpion but do no damage.
The scorpion is severely wounded.
* * * LOW HITPOINT WARNING * * *
You feel sick. The scorpion misses you.
You hit the scorpion but do no damage.
You punch the scorpion, but do no damage.
You bite the scorpion, but do no damage.
The scorpion is severely wounded.
* * * LOW HITPOINT WARNING * * *
You feel sick. The scorpion stings you.
You die...

### ... #.# #s# ###
####@##+### #...
#..(......# #.).
#.......>.+ +...
#.........####.# #...
#....##........###...
####'##..#######.....
#.....)............
#.....#.#.##.#.#<#+
+.....#....#)#.#.#


You could see a scorpion.

Vanquished Creatures
  A crimson imp (D:3)
  An orc priest (D:3)
  A hound (D:4)
  An orc wizard (D:3)
  A centaur skeleton (D:2)
  An iguana (D:4)
  Jessica (D:3)
  Terence (D:3)
  Robin (D:3)
  4 adders
  8 gnolls
  2 worms (D:3)
  3 dart slugs
  3 leopard geckos
  6 orcs (D:3)
  2 ball pythons
  A giant cockroach (D:4)
  7 hobgoblins
  4 jackals
  3 quokkas
  9 bats
  5 frilled lizards
  15 goblins
  7 kobolds
  2 quokka skeletons
  9 rats
99 creatures vanquished.

Notes
Turn   | Place    | Note
-------+----------+-------------------------------------------
     0 | D:1      | Stormphoenix the Gnoll Wanderer began the quest for the
                  | Orb.
     0 | D:1      | Stormphoenix set off with: a +2 hand axe, 2 potions of
                  | curing, a +0 robe, a +0 dagger, a ration
     0 | D:1      | Reached XP level 1. HP: 26/26 MP: 1/1
    67 | D:1      | Reached XP level 2. HP: 27/33 MP: 2/2
   343 | D:1      | Reached XP level 3. HP: 30/38 MP: 3/3
   831 | D:1      | Reached skill level 1 in Invocations
   900 | D:2      | Reached skill level 1 in Short Blades
   900 | D:2      | Reached skill level 1 in Long Blades
   900 | D:2      | Reached skill level 1 in Maces & Flails
   900 | D:2      | Reached skill level 1 in Polearms
   900 | D:2      | Reached skill level 1 in Staves
   900 | D:2      | Reached skill level 1 in Slings
   900 | D:2      | Reached skill level 1 in Bows
   900 | D:2      | Reached skill level 1 in Crossbows
   900 | D:2      | Reached skill level 1 in Throwing
   900 | D:2      | Reached skill level 1 in Dodging
   900 | D:2      | Reached skill level 1 in Unarmed Combat
   900 | D:2      | Reached skill level 1 in Spellcasting
   900 | D:2      | Reached skill level 1 in Evocations
   900 | D:2      | Reached XP level 4. HP: 44/45 MP: 5/5
  1053 | D:2      | Reached skill level 1 in Conjurations
  1053 | D:2      | Reached skill level 1 in Hexes
  1053 | D:2      | Reached skill level 1 in Charms
  1053 | D:2      | Reached skill level 1 in Summonings
  1053 | D:2      | Reached skill level 1 in Necromancy
  1053 | D:2      | Reached skill level 1 in Translocations
  1053 | D:2      | Reached skill level 1 in Transmutations
  1053 | D:2      | Reached skill level 1 in Fire Magic
  1053 | D:2      | Reached skill level 1 in Ice Magic
  1053 | D:2      | Reached skill level 1 in Air Magic
  1053 | D:2      | Reached skill level 1 in Earth Magic
  1053 | D:2      | Reached skill level 1 in Poison Magic
  1489 | D:3      | Reached XP level 5. HP: 51/51 MP: 6/6
  1510 | D:3      | Noticed Terence
  1536 | D:3      | Killed Terence
  1971 | D:3      | Noticed Jessica
  1980 | D:3      | Reached XP level 6. HP: 49/57 MP: 8/8
  1980 | D:3      | Noticed Robin
  2173 | D:3      | Killed Jessica
  2213 | D:3      | Reached skill level 5 in Armour
  2230 | D:3      | Killed Robin
  3120 | D:4      | Reached XP level 7. HP: 8/63 MP: 10/10
  3432 | D:4      | Slain by a scorpion

Skill      XL: |  1  2  3  4  5  6 |
---------------+-------------------+-----
Invocations    | 1 2 |  2.4
Short Blades   | 1 2 |  2.2
Long Blades    | 1 2 |  2.2
Maces & Flails | 1 2 |  2.2
Polearms       | 1 2 |  2.2
Staves         | 1 2 |  2.2
Slings         | 1 2 |  2.2
Bows           | 1 2 |  2.2
Crossbows      | 1 2 |  2.2
Throwing       | 1 2 |  2.2
Dodging        | 1 2 |  2.2
Unarmed Combat | 1 2 |  2.2
Spellcasting   | 1 2 |  2.2
Evocations     | 1 2 |  2.2
Conjurations   | 1 |  1.7
Hexes          | 1 |  1.7
Charms         | 1 |  1.7
Summonings     | 1 |  1.7
Necromancy     | 1 |  1.7
Translocations | 1 |  1.7
Transmutations | 1 |  1.7
Fire Magic     | 1 |  1.7
Ice Magic      | 1 |  1.7
Air Magic      | 1 |  1.7
Earth Magic    | 1 |  1.7
Poison Magic   | 1 |  1.7
Axes           | 3 |  3.4
Shields        | 3 |  3.4
Armour         | 5 |  5.1
Fighting       | |  8.8
Stealth        | |  4.7

Action                   |  1- 3 |  4- 6 |  7- 9 || total
-------------------------+-------+-------+-------++-------
Melee: Hand axe          |    72 |   182 |       ||   254
       Bite              |     3 |    35 |     6 ||    44
       Spear             |       |   155 |    31 ||   186
       Punch             |       |     3 |     1 ||     4
  Use: Scroll            |     3 |     7 |       ||    10
       Potion            |       |     9 |       ||     9
 Stab: Sleeping          |     1 |       |       ||     1
  Eat: Chunk             |       |     3 |     2 ||     5
       Ration            |       |     1 |       ||     1
Armor: Robe              |    10 |       |       ||    10
       Scale mail        |    32 |   159 |     6 ||   197
Dodge: Dodged            |    58 |   178 |    13 ||   249
